 Dungeon Crawl Stone Soup version 0.26-a0-466-g989023bd0d (webtiles) character file.

Game seed: 17837245829402563259

509732 grimjagger06 the Metallomancer (level 25, -3/168 HPs)
             Began as a Gargoyle Earth Elementalist on July 30, 2020.
             Was the Champion of Vehumet.
             Splashed by a caustic shrike's acid (9 damage)
             ... on level 3 of the Depths on Aug 1, 2020.
             The game lasted 11:46:39 (97100 turns).

grimjagger06 the Metallomancer (GrEE)              Turns: 97100, Time: 11:46:40

Health: -3/168     AC: 24    Str: 20    XL:     25   Next: 49%
Magic:  2/38       EV: 16    Int: 35    God:    Vehumet [******]
Gold:   2832       SH: 10    Dex: 10    Spells: 6/46 levels left

rFire    . . .     SeeInvis .   F - +3 flail "Undertaker" {vorpal, rElec rN+ Int+3 Stlth+}
rCold    + . .     Faith    .   t - +1 buckler {rC+}
rNeg     + + .     Spirit   .   N - +1 robe {Archmagi}
rPois    ∞         Reflect  +   g - +0 hat {MR+}
rElec    +         Harm     .   p - +1 cloak {Stlth+}
rCorr    .                      I - +2 pair of gloves "Xeoj Uto" {rElec MR+ Str+6}
MR       ++++.                  f - +2 pair of boots {run}
Stlth    +++.......             X - amulet of reflection
HPRegen  0.38/turn              n - +6 ring of intelligence
MPRegen  0.26/turn              s - ring of protection from magic

@: about to teleport, corroded, quick
A: big wings, negative energy resistance 1, electricity resistance, unbreathing,
petrification resistance, rot immunity, AC +19
}: 2/15 runes: serpentine, barnacled
a: Fly, Renounce Religion


You were on level 3 of the Depths.
You worshipped Vehumet.
Vehumet was exalted by your worship.
You visited 8 branches of the dungeon, and saw 41 of its levels.
You visited the Abyss 1 time.
You also visited: Bailey, Ice Cave and Wizlab.

You collected 5555 gold pieces.
You spent 2723 gold pieces at shops.

Inventory:

Hand Weapons
 F - the +3 flail "Undertaker" (weapon) {vorpal, rElec rN+ Int+3 Stlth+}
   (You took it off a merfolk aquamancer on level 4 of the Shoals)

   It inflicts extra damage upon your enemies.
   It affects your intelligence (+3).
   It insulates you from electricity.
   It protects you from negative energy.
   It makes you more stealthy.
Missiles
 i - 16 bolts
Armour
 f - a +2 pair of boots of running (worn)
 g - a +0 hat of magic resistance (worn)
 p - a +1 cloak of stealth (worn)
 q - +0 fire dragon scales
 t - a +1 buckler of cold resistance (worn)
 z - the +3 robe of Disguise {MR+ Str+4 Dex-4}
   (You bought it in a shop on level 11 of the Dungeon)

   It affects your strength (+4).
   It affects your dexterity (-4).
   It affects your resistance to hostile enchantments.
 I - the +2 pair of gloves "Xeoj Uto" (worn) {rElec MR+ Str+6}
   (You bought it in a shop on level 15 of the Dungeon)

   It affects your strength (+6).
   It insulates you from electricity.
   It affects your resistance to hostile enchantments.
 J - +0 ice dragon scales
 N - a +1 robe of the Archmagi (worn)
Magical Staves
 x - an uncursed staff of energy
Jewellery
 j - an uncursed ring of protection from cold
 n - a +6 ring of intelligence (left hand)
 s - a ring of protection from magic (right hand)
 K - an uncursed amulet of magic regeneration
 S - an uncursed ring of see invisible
 X - an amulet of reflection (around neck)
Wands
 l - a wand of clouds (11)
 r - a wand of paralysis (27)
 E - a wand of digging (8)
 O - a wand of iceblast (77)
Scrolls
 a - a scroll of summoning
 c - 4 scrolls of fog
 d - 15 scrolls of remove curse
 h - 2 scrolls of amnesia
 y - a scroll of silence
 A - a scroll of fear
 B - 8 scrolls of teleportation
 H - 6 scrolls of identify
 M - a scroll of brand weapon
 V - 4 scrolls of magic mapping
 W - 4 scrolls of immolation
Potions
 b - 2 potions of resistance
 e - 2 potions of mutation
 m - a potion of stabbing
 o - 9 potions of might
 u - 4 potions of invisibility
 w - 6 potions of curing
 C - 7 potions of brilliance
 D - a potion of haste
 Q - 5 potions of cancellation
 Y - 8 potions of ambrosia
Miscellaneous
 k - 4 phantom mirrors
 v - a phial of floods
 P - a tin of tremorstones (3/3)


   Skills:
 + Level 19.7 Fighting
 - Level 10.4 Maces & Flails
 - Level 8.0 Armour
 - Level 9.0 Dodging
 - Level 2.1 Stealth
 - Level 4.1 Shields
 - Level 11.0 Spellcasting
 + Level 19.9 Conjurations
 - Level 0.7 Transmutations
 + Level 17.9 Fire Magic
 + Level 21.7 Earth Magic
 - Level 10.0 Evocations


You had 6 spell levels left.
You knew the following spells:

 Your Spells              Type           Power        Failure   Level
a - Borgnjor's Vile Clut  Necr/Erth      #######...   1%          5
b - Passwall              Tmut/Erth      #######.     1%          2
c - Lee's Rapid Deconstr  Erth           ########..   0%          5
e - Bolt of Magma         Conj/Fire/Erth ########..   0%          5
f - Iron Shot             Conj/Erth      ########..   1%          6
g - Lehudib's Crystal Sp  Conj/Erth      ########..   1%          8
h - Shatter               Erth           ########..   9%          9

Your spell library contained the following spells:

 Spells                   Type           Power        Failure   Level
 Fire Storm               Conj/Fire      ########..   24%         9
 Chain Lightning          Conj/Air       #######...   50%         8
 Absolute Zero            Ice            ####......   100%        9
 Foxfire                  Conj/Fire      ####         0%          1
 Sandblast                Erth           ######       0%          1
 Conjure Flame            Conj/Fire      ########     0%          3
 Stone Arrow              Conj/Erth      ######       0%          3
 Sticky Flame             Conj/Fire      ########     0%          4
 Iskenderun's Battlesphe  Conj           ########     0%          5
 Freeze                   Ice            ####         1%          1
 Shock                    Conj/Air       ####         1%          1
 Frozen Ramparts          Ice            ####..       1%          3
 Ignite Poison            Fire/Tmut/Pois #######.     1%          3
 Inner Flame              Hex/Fire       #######.     1%          3
 Static Discharge         Conj/Air       #######.     1%          3
 Fulminant Prism          Conj/Hex       #######...   1%          4
 Hailstorm                Conj/Ice       #######.     1%          4
 Iskenderun's Mystic Bla  Conj/Tloc      #######.     1%          4
 Leda's Liquefaction      Hex/Erth       #######...   1%          4
 Petrify                  Tmut/Erth      #######.     1%          4
 Fireball                 Conj/Fire      ########..   1%          5
 Irradiate                Conj/Tmut      #######...   1%          5
 Lightning Bolt           Conj/Air       #######...   1%          5
 Animate Skeleton         Necr           ####..       2%          1
 Corona                   Hex            ####...      2%          1
 Pain                     Necr           ####         2%          1
 Wereblood                Tmut           #####...     2%          2
 Ensorcelled Hibernation  Hex/Ice        ####..       3%          2
 Slow                     Hex            ####....     3%          2
 Swiftness                Air            ####....     3%          2
 Airstrike                Air            ####......   6%          4
 Freezing Cloud           Conj/Ice/Air   #######...   6%          6
 Call Canine Familiar     Summ           ####....     7%          3
 Confusing Touch          Hex            ####....     7%          3
 Gell's Gravitas          Tloc           ####......   7%          3
 Ozocubu's Armour         Ice            ####....     7%          3
 Portal Projectile        Hex/Tloc       ####..       7%          3
 Vampiric Draining        Necr           ####......   7%          3
 Yara's Violent Unravell  Hex/Tmut       ####......   14%         5
 Ice Form                 Ice/Tmut       ####....     19%         4
 Animate Dead             Necr           ####......   22%         4
 Cause Fear               Hex            ####......   22%         4
 Summon Ice Beast         Ice/Summ       ####....     22%         4
 Summon Lightning Spire   Summ/Air       ####....     22%         4
 Alistair's Intoxication  Tmut/Pois      ####.....    47%         5
 Agony                    Necr           ####....     52%         5
 Metabolic Englaciation   Hex/Ice        ####......   52%         5
 Silence                  Hex/Air        ####......   52%         5
 Summon Demon             Summ           ####......   52%         5
 Summon Forest            Summ/Tloc      ####......   52%         5
 Summon Mana Viper        Hex/Summ       ####....     52%         5
 Ozocubu's Refrigeration  Ice            ####......   61%         6
 Hydra Form               Tmut           #####.....   95%         6
 Eringya's Noxious Bog    Tmut/Pois      ####......   96%         6
 Death Channel            Necr           ####......   98%         6
 Shadow Creatures         Summ           N/A          98%         6
 Simulacrum               Ice/Necr       ####......   98%         6
 Ignition                 Fire           ########..   2%          8
 Spellforged Servitor     Conj/Summ      #######...   9%          7
 Malign Gateway           Summ/Tloc      ####......   100%        7
 Summon Hydra             Summ           ####......   100%        7
 Tornado                  Air            ####......   100%        9
 Sublimation of Blood     Necr           Unusable     N/A         2
 Statue Form              Tmut/Erth      Unusable     N/A         6

Dungeon Overview and Level Annotations

Branches:
Dungeon (15/15)            Temple (0/1) D:7            Lair (6/6) D:9
 Shoals (4/4) Lair:3        Snake (4/4) Lair:4          Orc (2/2) D:9
    Elf (2/3) Orc:2        Vaults (4/5) D:14          Crypt (0/3) Vaults:3
 Depths (4/5) D:15         Bailey (visited)           IceCv (visited)
 WizLab (visited)
  Slime: Lair:5-6

Altars:
Gozag
Qazlal
Trog
Vehumet
Xom

Shops:
D:4 !   D:5 (   D:7 =   D:9 ?   D:11 [(   D:15 [[=   Orc:1 [   Orc:2 ![}?
Elf:1 [   Elf:2 *   Vaults:1 ?*(   Vaults:4 ?   Depths:1 *   Depths:2 =}=

Portals:
Hell: Depths:1 Depths:2 Depths:3 Depths:4
Abyss: Lair:3 Depths:1 Depths:3 Depths:4
Pandemonium: Depths:3
Ziggurat: Depths:1

Annotations:
D:7 2 runed translucent doors
Depths:2 2 transporters


Innate Abilities, Weirdness & Mutations

You are resistant to torment.
Your stone body is resilient. (AC +19)
You are immune to poison.
Your large and strong wings let you fly indefinitely.
You resist negative energy. (rN+)
You are resistant to electric shocks. (rElec)
You can survive without breathing.
You are immune to petrification.
You are immune to rotting.


Message History

Casting: Bolt of Magma (safe; 0% risk of failure)
Confirm with . or Enter, or press ? or * to list all spells.
Okay, then.
Casting: Bolt of Magma (safe; 0% risk of failure)
Confirm with . or Enter, or press ? or * to list all spells.
Aiming: Iron Shot (safe; 1% risk of failure)
Press: ? - help, Shift-Dir - straight line, f - caustic shrike
Aim: a caustic shrike (lightly wounded)
You feel a surge of power!
The iron shot hits the caustic shrike!!!
The caustic shrike is severely wounded.
The caustic shrike misses you. You block the caustic shrike's attack.
Press: ? - help, v - describe, . - travel The floor.
Okay, then.
As you read the scroll of teleportation, it crumbles to dust.
You feel strangely unstable. The caustic shrike claws you!!
* * * LOW HITPOINT WARNING * * *
You are splashed with acid!
You die...

.....###.......##..............(.
###...#...###...###....##......##
#.##.....##.##....#....#......#.#
...##...##...##........##......##
....#...#....(#..(.....#.....)#.#
....#####.....##.........#.#.#.##
........(.......[)...>..#.#.#.#.#
###............##[......#######.∩
############.(@b............###
####>.....[........#
######............#
##.####.....(......#
##....##............#
#...................#
#......).............
#................<...
##................=..


You could see a caustic shrike.

Vanquished Creatures
  An ancient lich (Depths:4)
  Sojobo (D:15)
  Bai Suzhen (Shoals:3)
  5 caustic shrikes
  Frederick (Vaults:4)
  A bone dragon (Abyss:2)
  4 liches
  Jorgrun (D:13)
  The ghost of Apogee the Warrior, an adept DrTm of Okawaru (Snake:3)
  A deep elf blademaster (Elf:2)
  2 tentacled monstrosities
  A titan (Depths:3)
  A tentacled starspawn (Abyss:2)
  Gastronok (D:11)
  5 nagarajas (Snake:4)
  Roxanne (Shoals:3)
  4 tengu reavers
  A sphinx (Depths:3)
  A shadow dragon (Depths:3)
  3 frost giants
  Ilsuiw (Shoals:3)
  6 fire giants
  An iron dragon (Depths:3)
  Aizul (Depths:3)
  8 vault wardens
  A deep elf sorcerer (Elf:1)
  7 ironheart preservers
  A deep elf elementalist (Elf:1)
  18 stone giants
  A juggernaut skeleton (Depths:1)
  25 very ugly things
  3 vampire knights
  4 entropy weavers
  Azrael (Elf:2)
  4 deep elf demonologists
  3 deep elf annihilators
  8 spark wasps
  The ghost of p0werm0de the Carver, a journeyman OpBe of Trog (Lair:3)
  10 ettins
  4 merfolk javelineers (Shoals:4)
  11 purple draconians (WizLab)
  A deep elf death mage (Vaults:3)
  A blizzard demon (Depths:3)
  9 statues (WizLab)
  Josephine (Snake:1)
  A crystal guardian (Vaults:3)
  12 great orbs of eyes
  5 fire dragons
  4 merfolk impalers
  12 yaktaur captains
  3 rakshasas
  6 hydras
  A hydra (shapeshifter) (D:13)
  A catoblepas (D:15)
  5 vault guards
  11 naga warriors
  9 ice dragons
  A spriggan air mage (Depths:2)
  16 anacondas
  8 centaur warriors
  A merfolk avatar (Shoals:4)
  10 ogre magi
  7 merfolk aquamancers
  42 two-headed ogres
  3 death knights
  A satyr (Shoals:3)
  18 dancing weapons
  3 tengu warriors
  A queen ant (Lair:4)
  7 deep troll earth magi
  6 death yaks
  A vampire mage (Depths:1)
  A hell hog (Abyss:2)
  3 deep troll shamans
  3 thrashing horrors (Abyss:2)
  Sonja (Lair:2)
  A soul eater (Depths:3)
  16 naga sharpshooters
  2 spriggan berserkers (Depths:3)
  13 shock serpents
  The ghost of kal9871 the Basher, a novice TrFi of Okawaru (D:6)
  19 deep elf knights
  5 salamander mystics
  10 hell knights
  A shadow wraith (Vaults:2)
  2 sixfirhies
  An entropy weaver zombie (Vaults:1)
  7 skeletal warriors
  An iron troll (D:15)
  2 unseen horrors (Vaults:1)
  20 deep trolls
  9 sea snakes
  A swamp dragon (shapeshifter) (Vaults:4)
  4 glowing orange brains
  A flayed ghost (Vaults:4)
  6 lindwurms
  10 deep elf archers
  7 naga ritualists
  4 phantasmal warriors (Depths:2)
  Pikel (D:5)
  10 ironbrand convokers
  10 necromancers
  An orange crystal statue (Depths:1)
  13 orc knights
  9 mana vipers
  16 harpies
  A sphinx zombie (Vaults:4)
  32 ugly things
  10 manticores
  38 fauns
  4 wolf spiders
  12 cyclopes
  8 salamanders
  77 deep elf magi
  An orc sorcerer (Vaults:4)
  A frost giant zombie (Vaults:3)
  A large abomination (Abyss:2)
  2 fire giant zombies
  A black mamba (shapeshifter) (Vaults:2)
  A rust devil (Depths:3)
  28 black mambas
  10 merfolk sirens
  2 frost giant skeletons
  15 vault sentinels
  2 human skeletons
  10 guardian serpents
  6 water nymphs
  An orange demon (Abyss:2)
  20 naga magi
  15 cane toads
  An ice statue (IceCv)
  2 kobold demonologists
  5 smoke demons
  5 torpor snails (Lair:6)
  3 gargoyles
  3 komodo dragons
  A human zombie (Vaults:4)
  A hellwing (Lair:3)
  4 rime drakes
  46 yaktaurs
  A yaktaur (shapeshifter) (Vaults:2)
  A yaktaur skeleton (Vaults:4)
  20 freezing wraiths
  A redback zombie (D:15)
  9 tengu conjurers
  An elf skeleton (Vaults:4)
  3 ice devils
  3 meliai (D:13)
  3 polar bears
  4 trolls
  A jumping spider (shapeshifter) (Abyss:2)
  25 merfolk
  12 hornets
  11 blink frogs
  A hornet (shapeshifter) (Vaults:3)
  A raiju (Abyss:2)
  2 wind drakes
  8 dream sheep
  19 slime creatures
  A sphinx simulacrum (Vaults:3)
  3 tyrant leeches (Lair:6)
  A stone giant simulacrum (Vaults:4)
  8 snapping turtles
  10 hippogriffs
  A spriggan zombie (Depths:1)
  2 air elementals (Elf:1)
  3 flying skulls (Abyss:2)
  A ynoxinul (Abyss:2)
  6 redbacks
  A spriggan (Lair:3)
  8 wraiths
  A shadow (D:13)
  A vampire (D:14)
  12 water elementals
  14 wyverns
  7 fire elementals
  A human (shapeshifter) (Vaults:3)
  37 yaks
  2 basilisks (shapeshifter)
  A basilisk (D:9)
  A steam dragon (Lair:3)
  2 chaos spawn (Abyss:2)
  3 human simulacra
  A death yak simulacrum (IceCv)
  8 wargs
  A soldier ant (shapeshifter) (Elf:2)
  6 soldier ants (Lair:4)
  5 acid dragons
  Menkaure (D:5)
  42 nagas
  A hell hound (Elf:2)
  11 water moccasins
  8 porcupines
  A sky beast (shapeshifter) (Depths:3)
  A hornet zombie (D:10)
  14 ice beasts
  47 orc warriors
  2 phantoms
  A black bear (D:9)
  A sky beast (D:14)
  A wolf (Vaults:4)
  27 ogres
  16 boggarts
  A necrophage (D:14)
  32 centaurs
  A boggart (shapeshifter) (Vaults:3)
  A crocodile (shapeshifter) (Vaults:3)
  18 crocodiles
  2 lemures
  Blork the orc (D:5)
  3 big kobolds
  16 bullfrogs
  A gnoll sergeant (D:11)
  A water moccasin zombie (D:5)
  A glowing shapeshifter simulacrum (Vaults:4)
  A wyvern zombie (D:11)
  2 earth elementals (Elf:1)
  3 scorpions
  6 killer bees (D:9)
  10 wights
  5 howler monkeys
  2 electric eels (Snake:1)
  4 crimson imps (D:15)
  A quasit (Abyss:2)
  3 centaur zombies
  4 hounds
  12 orc priests
  4 draconian simulacra (IceCv)
  3 jellies
  24 orc wizards
  Crazy Yiuf (D:6)
  3 bullfrog skeletons
  4 centaur skeletons
  4 iguanas
  7 troll simulacra (IceCv)
  29 worker ants
  A hell rat (Lair:5)
  A spriggan simulacrum (IceCv)
  2 polar bear simulacra (IceCv)
  A wolf simulacrum (IceCv)
  4 centaur simulacra (IceCv)
  16 gnolls
  8 adders
  4 naga simulacra (IceCv)
  9 river rats (Lair:5)
  19 white imps
  An ufetubus (Abyss:2)
  3 oozes
  3 adder skeletons
  8 worms
  3 dart slugs
  7 leopard geckos
  87 orcs
  A ball python (D:4)
  4 bats
  16 giant cockroaches
  7 goblins
  6 hobgoblins
  14 jackals
  21 kobolds
  5 quokkas
  5 frilled lizards
  A jackal zombie (D:5)
  A quokka skeleton (D:9)
  12 rats
  5 fungi
  7 plants
1883 creatures vanquished.

Vanquished Creatures (others)
  A deep elf knight (Elf:1)
  A deep elf mage (WizLab)
  A water elemental (Shoals:4)
  A hornet zombie (D:15)
  A jelly (D:5)
  An orc wizard (D:4)
  An orc (D:12)
  A bush (Lair:6)
  35 fungi
  110 plants
  2 starspawn tentacles (Abyss:2)
155 creatures vanquished.

Grand Total: 2038 creatures vanquished

Notes
Turn   | Place    | Note
-------+----------+-------------------------------------------
     0 | D:1      | grimjagger06 the Gargoyle Earth Elementalist began the
                  | quest for the Orb.
     0 | D:1      | Reached XP level 1. HP: 10/10 MP: 3/3
   162 | D:1      | Reached skill level 4 in Earth Magic
   162 | D:1      | Reached XP level 2. HP: 14/15 MP: 5/5
   509 | D:1      | Reached XP level 3. HP: 19/19 MP: 6/6
  1217 | D:2      | Reached XP level 4. HP: 24/24 MP: 8/8
  1222 | D:2      | Learned a level 3 spell: Stone Arrow
  1241 | D:2      | Found a radiant altar of Vehumet.
  1248 | D:2      | Became a worshipper of Vehumet
  1698 | D:2      | Reached skill level 5 in Earth Magic
  1949 | D:2      | Found a stormy altar of Qazlal.
  2300 | D:3      | Reached skill level 1 in Conjurations
  2931 | D:3      | Reached * piety under Vehumet
  2931 | D:3      | Offered knowledge of Shock by Vehumet.
  2936 | D:3      | Reached XP level 5. HP: 16/28 MP: 10/10
  3889 | D:4      | Reached XP level 6. HP: 16/32 MP: 6/11
  4081 | D:4      | Found Kogufobya's Distillery.
  4091 | D:4      | Bought a potion of invisibility for 96 gold pieces
  4091 | D:4      | Bought a potion of heal wounds for 60 gold pieces
  4202 | D:4      | Reached skill level 6 in Earth Magic
  4534 | D:5      | Entered Level 5 of the Dungeon
  4538 | D:5      | Noticed Pikel
  4750 | D:5      | Found Wakhyps's Antique Weapon Shop.
  4772 | D:5      | Found a bloodstained altar of Trog.
  4944 | D:5      | Noticed Blork the orc
  4947 | D:5      | Killed Blork the orc
  4972 | D:5      | Reached XP level 7. HP: 33/36 MP: 7/13
  5103 | D:5      | Noticed Menkaure
  5108 | D:5      | Killed Menkaure
  5657 | D:5      | Reached skill level 7 in Earth Magic
  6049 | D:5      | Learned a level 5 spell: Lee's Rapid Deconstruction
  6394 | D:5      | Reached skill level 1 in Fighting
  6394 | D:5      | Reached skill level 5 in Spellcasting
  6473 | D:5      | Reached XP level 8. HP: 43/43 MP: 12/15
  6625 | D:5      | Killed Pikel
  6625 | D:5      | Reached skill level 5 in Conjurations
  6625 | D:5      | Reached skill level 1 in Evocations
  7417 | D:6      | Found a runed translucent door.
  7418 | D:6      | Noticed Crazy Yiuf
  7480 | D:6      | Reached skill level 1 in Maces & Flails
  7686 | D:6      | Reached XP level 9. HP: 40/49 MP: 10/17
  7699 | D:6      | Reached ** piety under Vehumet
  7699 | D:6      | Offered knowledge of Searing Ray by Vehumet.
  8059 | D:6      | Found a runed translucent door.
  8059 | D:6      | Noticed kal9871's ghost (novice TrFi)
  8249 | D:6      | Reached skill level 8 in Earth Magic
  8475 | D:4      | Bought a potion of brilliance for 48 gold pieces
  8475 | D:4      | Bought a potion of mutation for 96 gold pieces
  8565 | D:6      | Killed Crazy Yiuf
  8958 | D:7      | Found a staircase to the Ecumenical Temple.
  8977 | D:7      | Found Sagyocky's Jewellery Emporium.
  9105 | D:7      | Found a large runed translucent door.
  9121 | D:7      | Found a large runed translucent door.
  9121 | D:7      | Noticed a gargoyle
  9126 | D:7      | Found the +8 storm bow {elec, penet}
  9194 | D:7      | Noticed a cyan ugly thing
  9200 | D:7      | Killed a cyan ugly thing
  9363 | D:7      | Found a large runed translucent door.
  9363 | D:7      | Found a large runed translucent door.
  9391 | D:7      | Found the +2 hood of the Assassin {Detection Stab+ Stlth++}
  9797 | D:8      | Identified Xeramott's Guide on Confrontation
  9803 | D:8      | Learned a level 3 spell: Conjure Flame
 10224 | D:8      | Found a shimmering altar of Xom.
 10225 | D:8      | Found a shimmering altar of Xom.
 10822 | D:9      | Reached skill level 1 in Fire Magic
 10824 | D:9      | Reached XP level 10. HP: 47/58 MP: 14/19
 10825 | D:9      | Offered knowledge of Frozen Ramparts by Vehumet.
 10843 | D:9      | Reached *** piety under Vehumet
 10981 | D:9      | Reached skill level 9 in Earth Magic
 11080 | D:9      | Noticed a purple ugly thing
 11117 | D:9      | Reached skill level 5 in Fighting
 11414 | D:9      | Noticed a two-headed ogre
 11481 | D:9      | Found a staircase to the Orcish Mines.
 11779 | D:9      | Found Noraec's Magic Scroll Shoppe.
 11794 | D:9      | Offered knowledge of Dazzling Flash by Vehumet.
 11812 | D:9      | Found a staircase to the Lair.
 12325 | D:6      | Killed kal9871's ghost
 12325 | D:6      | Reached XP level 11. HP: 40/64 MP: 3/21
 12883 | D:8      | Killed a two-headed ogre
 13120 | D:9      | Killed a purple ugly thing
 13628 | D:9      | Bought a scroll of enchant armour for 120 gold pieces
 13828 | D:10     | Entered Level 10 of the Dungeon
 13877 | D:10     | Found a flagged portal.
 13886 | Bailey   | Entered a bailey
 13887 | Bailey   | Noticed an orc knight
 13929 | D:10     | Reached **** piety under Vehumet
 14063 | D:10     | Reached skill level 5 in Dodging
 14063 | D:10     | Reached skill level 5 in Evocations
 14338 | D:10     | Offered knowledge of Bolt of Magma by Vehumet.
 14338 | D:10     | Reached skill level 5 in Maces & Flails
 14345 | D:10     | Learned a level 5 spell: Bolt of Magma
 15359 | D:11     | Reached skill level 10 in Earth Magic
 15738 | D:11     | Noticed a cyclops
 15976 | D:11     | Noticed a five-headed hydra
 16023 | D:11     | Found Heozi's Antique Armour Shop.
 16029 | D:11     | Noticed Gastronok
 16184 | Lair:1   | Entered Level 1 of the Lair of Beasts
 16348 | Lair:1   | Noticed a six-headed hydra
 16353 | Lair:1   | Killed a six-headed hydra
 16353 | Lair:1   | Reached XP level 12. HP: 71/71 MP: 13/23
 17538 | Lair:2   | You fall into a shaft and drop 2 floors!
 17672 | Lair:4   | Found a staircase to the Snake Pit.
 17991 | Lair:3   | Found a staircase to the Shoals.
 18119 | Lair:3   | Reached skill level 5 in Fire Magic
 18194 | Lair:3   | Noticed an eight-headed hydra
 18197 | Lair:3   | Killed an eight-headed hydra
 18427 | Lair:3   | Identified the cursed +2 dagger of the Baking Pill Bug
                  | {distort, rC+}
 18443 | Lair:3   | Found a transporter.
 18443 | Lair:3   | Noticed a seven-headed hydra
 18446 | Lair:3   | Killed a seven-headed hydra
 18513 | Lair:3   | Found a transporter.
 18550 | Lair:3   | Noticed a white very ugly thing
 18728 | Lair:3   | Noticed a rakshasa
 18763 | Lair:3   | Noticed p0werm0de's ghost (journeyman OpBe)
 19287 | Lair:2   | Noticed Sonja
 19292 | Lair:2   | Killed Sonja
 20412 | Lair:4   | Noticed a queen ant
 20415 | Lair:4   | Reached ***** piety under Vehumet
 20424 | Lair:4   | Noticed an entropy weaver
 20425 | Lair:4   | Noticed an entropy weaver
 20434 | Lair:4   | Killed an entropy weaver
 20434 | Lair:4   | Offered knowledge of Orb of Destruction by Vehumet.
 20434 | Lair:4   | Reached skill level 11 in Earth Magic
 20434 | Lair:4   | Killed a queen ant
 20434 | Lair:4   | Reached XP level 13. HP: 78/78 MP: 13/25
 20501 | Lair:4   | Killed an entropy weaver
 21961 | Lair:6   | Entered Level 6 of the Lair of Beasts
 22227 | Lair:6   | Offered knowledge of Iron Shot by Vehumet.
 22308 | Lair:6   | Learned a level 6 spell: Iron Shot
 22456 | Lair:6   | Found a frozen archway.
 22539 | IceCv    | Entered an ice cave
 22881 | IceCv    | Reached skill level 10 in Conjurations
 23011 | IceCv    | Found an ancient bone altar of Kikubaaqudgha.
 23584 | IceCv    | Identified the Disquisition on the Frostbite
 23669 | IceCv    | Gained mutation: Your large and strong wings let you fly
                  | indefinitely. [Gargoyle growth]
 23669 | IceCv    | Reached XP level 14. HP: 86/86 MP: 22/27
 24570 | Lair:6   | Reached skill level 1 in Shields
 24774 | Lair:6   | Offered knowledge of Iskenderun's Battlesphere by Vehumet.
 25368 | Lair:6   | Reached skill level 12 in Earth Magic
 25586 | Lair:6   | Found a runed translucent door.
 27566 | Orc:1    | Entered Level 1 of the Orcish Mines
 28123 | Orc:2    | Entered Level 2 of the Orcish Mines
 28388 | Orc:2    | Found a staircase to the Elven Halls.
 28919 | Orc:1    | Offered knowledge of Fireball by Vehumet.
 29003 | Orc:1    | Found Zerr's Armour Emporium.
 29011 | Orc:1    | Bought a +2 pair of boots of running for 622 gold pieces
 30077 | Orc:2    | Found Kovvior's Gadget Shop.
 30077 | Orc:2    | Found Atherafoudd's Armour Emporium.
 30079 | Orc:2    | Found Mizaz's Distillery.
 30081 | Orc:2    | Found Semuluv's Magic Scroll Boutique.
 30091 | Orc:2    | Bought a scroll of teleportation for 36 gold pieces
 30441 | Shoals:1 | Entered Level 1 of the Shoals
 30714 | Shoals:1 | Reached XP level 15. HP: 92/92 MP: 21/28
 31054 | Shoals:1 | Reached skill level 10 in Fighting
 32882 | Shoals:2 | Offered knowledge of Starburst by Vehumet.
 34580 | Shoals:3 | Identified Roxanne's Incunabulum of Changing
 34580 | Shoals:3 | Noticed Roxanne
 34584 | Shoals:3 | Killed Roxanne
 34584 | Shoals:3 | Reached skill level 10 in Spellcasting
 34587 | Shoals:3 | Noticed Ilsuiw
 35278 | Snake:1  | Entered Level 1 of the Snake Pit
 36081 | Snake:1  | Reached skill level 13 in Earth Magic
 36582 | Snake:1  | Noticed Josephine
 36585 | Snake:1  | Killed Josephine
 36585 | Snake:1  | Reached XP level 16. HP: 99/99 MP: 6/30
 40651 | Snake:3  | Found a runed translucent door.
 40652 | Snake:3  | Found a shimmering altar of Xom.
 40652 | Snake:3  | Noticed Apogee's ghost (adept DrTm)
 40667 | Snake:3  | Reached skill level 10 in Maces & Flails
 41309 | Elf:1    | Entered Level 1 of the Elven Halls
 41324 | Elf:1    | Offered knowledge of Conjure Ball Lightning by Vehumet.
 42756 | Lair:3   | Found a one-way gate to the infinite horrors of the Abyss.
 42778 | Lair:3   | Got a heavily runed helmet
 42929 | Lair:3   | Killed p0werm0de's ghost
 43155 | Lair:2   | Identified the +1 helmet of Cicvy {Harm rElec Str-5} (You
                  | found it on level 3 of the Lair of Beasts)
 43257 | Shoals:3 | Reached XP level 17. HP: 104/104 MP: 15/31
 43488 | Shoals:3 | Killed Ilsuiw
 43488 | Shoals:3 | Reached skill level 10 in Fire Magic
 43952 | Shoals:3 | Noticed Bai Suzhen
 43957 | Shoals:3 | Reached skill level 10 in Evocations
 44144 | Shoals:3 | Reached skill level 14 in Earth Magic
 44830 | Shoals:3 | Killed Bai Suzhen
 45659 | D:11     | Killed Gastronok
 45677 | D:11     | Bought a dyed leather armour for 95 gold pieces
 45677 | D:11     | Bought a glowing scarf for 152 gold pieces
 45677 | D:11     | Bought a transparent robe for 108 gold pieces
 45707 | D:11     | Identified the +3 robe of Disguise {MR+ Str+4 Dex-4} (You
                  | bought it in a shop on level 11 of the Dungeon)
 45867 | D:11     | Found Jegrug's Weapon Boutique.
 47438 | D:13     | Noticed Jorgrun
 47452 | D:13     | Killed Jorgrun
 48090 | D:14     | Offered knowledge of Lehudib's Crystal Spear by Vehumet.
 48140 | D:14     | Learned a level 8 spell: Lehudib's Crystal Spear
 48238 | D:15     | Entered Level 15 of the Dungeon
 48675 | D:15     | Found Ixisewn's Jewellery Boutique.
 48683 | D:15     | Bought an uncursed ring of see invisible for 240 gold
                  | pieces
 48701 | D:15     | Found Yfaehio's Antique Armour Shoppe.
 48707 | D:15     | Bought a runed robe for 111 gold pieces
 48729 | D:15     | Found Tiur's Antique Armour Shop.
 48739 | D:15     | Bought a pair of shimmering gloves for 304 gold pieces
 48749 | D:15     | Identified the +2 pair of gloves "Xeoj Uto" {rElec MR+
                  | Str+6} (You bought it in a shop on level 15 of the Dungeon)
 49170 | D:15     | Found a staircase to the Depths.
 49201 | D:15     | Reached skill level 15 in Earth Magic
 50153 | D:14     | Found a gate to the Vaults.
 50349 | D:14     | Reached XP level 18. HP: 113/113 MP: 15/33
 51637 | Lair:2   | Identified a scroll of acquirement
 51637 | Lair:2   | Acquired 550 gold pieces
 52075 | Elf:1    | Identified the Disquisition on Calling
 52213 | Elf:1    | Found Loreeg's Antique Armour Emporium.
 52218 | Elf:1    | Bought a runed robe for 85 gold pieces
 54282 | Elf:2    | Found Xonoplic's General Store.
 54288 | Elf:2    | Bought a scroll of enchant armour for 112 gold pieces
 54288 | Elf:2    | Bought a potion of invisibility for 120 gold pieces
 54439 | Elf:2    | Identified the Reference Book on Ensnaring Flight
 54716 | Elf:2    | Found a runed translucent gate.
 54716 | Elf:2    | Found a runed translucent gate.
 54726 | Elf:2    | Found a runed translucent gate.
 55445 | Elf:2    | Reached ****** piety under Vehumet
 55482 | Elf:2    | Noticed a deep elf blademaster
 55494 | Elf:2    | Killed a deep elf blademaster
 55629 | Elf:2    | Offered knowledge of Fire Storm by Vehumet.
 55629 | Elf:2    | Offered knowledge of Chain Lightning by Vehumet.
 55629 | Elf:2    | Offered knowledge of Absolute Zero by Vehumet.
 55650 | Elf:2    | Noticed Azrael
 55902 | Elf:2    | Killed Azrael
 56977 | Shoals:4 | Entered Level 4 of the Shoals
 57005 | Shoals:4 | Reached skill level 16 in Earth Magic
 57846 | Shoals:4 | Identified the cursed +3 flail "Undertaker" {vorpal, rElec
                  | rN+ Int+3 Stlth+}
 58343 | Shoals:4 | Reached XP level 19. HP: 70/121 MP: 14/34
 58729 | Shoals:4 | Got a barnacled rune of Zot
 58812 | Shoals:4 | Identified the cursed +1 ring mail of Duty {Regen+ Str+4
                  | Int+2}
 60698 | Snake:4  | Entered Level 4 of the Snake Pit
 60978 | Snake:3  | Killed Apogee's ghost
 61561 | Snake:4  | Reached skill level 15 in Conjurations
 63959 | Snake:4  | Reached skill level 17 in Earth Magic
 64389 | Snake:4  | Reached skill level 15 in Fighting
 66023 | Snake:4  | Reached XP level 20. HP: 129/129 MP: 23/35
 66187 | Snake:4  | Got a serpentine rune of Zot
 66894 | Vaults:1 | Entered Level 1 of the Vaults
 66894 | Vaults:1 | Found Atyreog's Magic Scroll Shop.
 66954 | D:14     | Learned a level 9 spell: Shatter
 68161 | Vaults:1 | Found Acitum's Assorted Antiques.
 68709 | Vaults:1 | Found Sipsifi's Weapon Boutique.
 71123 | Vaults:2 | Reached skill level 18 in Earth Magic
 74300 | Vaults:3 | Cast into level 2 of the Abyss (orc knight)
 74334 | Abyss:2  | Reached skill level 1 in Armour
 74590 | Abyss:2  | Noticed a bone dragon
 74603 | Abyss:2  | Killed a bone dragon
 74603 | Abyss:2  | Reached XP level 21. HP: 81/137 MP: 19/36
 74850 | Vaults:3 | Escaped the Abyss
 75387 | Vaults:4 | Reached skill level 5 in Armour
 75861 | Vaults:4 | Found Imat's Magic Scroll Boutique.
 75869 | Vaults:4 | Bought a scroll of fog for 26 gold pieces
 75869 | Vaults:4 | Bought 3 scrolls of enchant armour for 292 gold pieces
 76281 | Vaults:4 | Reached skill level 15 in Fire Magic
 76427 | Vaults:4 | Noticed Frederick
 76825 | Vaults:4 | Killed Frederick
 77741 | Vaults:4 | Reached skill level 19 in Earth Magic
 78733 | Vaults:3 | Reached XP level 22. HP: 137/145 MP: 27/37
 78952 | Vaults:4 | Reached XP level 23. HP: 41/150 MP: 2/38
 82106 | Vaults:3 | Found a staircase to the Crypt.
 83263 | Lair:2   | Learned a level 5 spell: Borgnjor's Vile Clutch
 83267 | Lair:2   | Learned a level 2 spell: Passwall
 83524 | Depths:1 | Entered Level 1 of the Depths
 83702 | D:15     | Reached skill level 20 in Earth Magic
 84007 | Depths:1 | Noticed Sojobo
 84033 | D:15     | Killed Sojobo
 84316 | Depths:1 | Found a gateway to a ziggurat.
 84319 | Depths:1 | Found a gateway to Hell.
 86345 | Depths:1 | Reached XP level 24. HP: 155/159 MP: 25/38
 87241 | Depths:1 | Found Isimochod's Blood Bar.
 87816 | Depths:2 | Found an opulent altar of Gozag.
 88145 | Depths:2 | Found a transporter.
 88260 | Depths:2 | Found a transporter.
 89255 | Depths:2 | Found Iquamih's Jewellery Emporium.
 89256 | Depths:2 | Found Gimechajut's Gadget Boutique.
 89257 | Depths:2 | Found Ibuesil's Jewellery Emporium.
 90029 | Depths:3 | Found a magical portal.
 90038 | WizLab   | Entered Iskenderun's Mystic Tower
 92329 | WizLab   | Identified Iskenderun's Reference Book on Conjuration
 92329 | WizLab   | Identified Iskenderun's Catalogue of Battle Magic
 92370 | WizLab   | Identified Sif Muna's Disquisition on Ensnaring
                  | Transmigration
 92599 | Depths:3 | Found a one-way gate leading to the halls of Pandemonium.
 92822 | Depths:3 | Reached skill level 21 in Earth Magic
 94303 | Depths:3 | Noticed Aizul
 94306 | Depths:3 | Killed Aizul
 94715 | Depths:3 | Reached XP level 25. HP: 102/166 MP: 28/38
 96147 | Depths:4 | Noticed an ancient lich
 96262 | Depths:4 | Killed an ancient lich
 97100 | Depths:3 | HP: 6/168 [caustic shrike (22)]
 97100 | Depths:3 | Splashed by a caustic shrike's acid

Illustrated notes

Levels and vault maps discovered:
D:1:      dpeg_arrival_tiny_h, layout_basic
D:2:      minmay_roachtagon, layout_basic, old_standard_altar,
          grunt_qazlal_clouds
D:3:      layout_basic
D:4:      layout_basic, serial_shops, shop
D:5:      layout_basic, serial_shops, shop, basic_altar,
          lexackson_kobold_supper, uniq_pikel, uniq_menkaure, uniq_blork_the_orc
D:6:      layout_rooms, gammafunk_ghost_grave, serial_curves, eino_curves_04,
          eino_curves_04, uniq_crazy_yiuf_cottage
D:7:      layout_cave_pools, minmay_temple_entry_ruins, serial_shops,
          nicolae_shop_stone, corexii_leaking_fountain,
          hangedman_decor_opposing, minmay_hollow_rounded_squares
D:8:      layout_basic, xom_redecorated
D:9:      layout_long_grid, minmay_lair_entry_grove, orc_0_dummy, serial_shops,
          nicolae_shop_stone
D:10:     layout_irregular_city, enter_bailey_2
D:11:     layout_long_grid, serial_shops, kennysheep_mini_moat, shop,
          minivault_22, uniq_gastronok
D:12:     layout_rooms, serial_corexii_hall, corexii_hall_statues_x,
          chequers_hall_statues_wall_a
D:13:     layout_big_octagon, minmay_misc_feat_encased, uniq_jorgrun
D:14:     minmay_skewed_foursquare, layout_basic, david_vaults_1,
          columned_hall_lemuel
D:15:     grunt_enter_depths_giant_problem, layout_loops_ring, serial_shops,
          shop, shop, shop, minmay_fire_ice_demons
Lair:1:   layout_gridlike
Lair:2:   layout_regular_city, uniq_sonja
Lair:3:   layout_hall_layers, minmay_shoals_entry_centaurs,
          gammafunk_ghost_abyssal_escape, minivault_23
Lair:4:   layout_roguey, minmay_snake_entry_guardpost_medium, minmay_hedge_maze,
          minmay_another_anthill
Lair:5:   layout_gridlike, slime_altar_2, kennysheep_rathole
Lair:6:   hangedman_lair_tendril_chambers, layout_small_grid, wormcave,
          portal_ice_cave_entry_ice_beasts
Shoals:1: layout_shoals
Shoals:2: layout_shoals, overgrown_tower
Shoals:3: layout_shoals, uniq_ilsuiw, uniq_roxanne, uniq_bai_suzhen
Shoals:4: shoals_end_grunt_garden, layout_shoals
Snake:1:  layout_basic, grunt_megastairs_3, serial_bayou_shore_a, uniq_josephine
Snake:2:  layout_basic, special_room, st_stairs_6
Snake:3:  layout_misc_corridors, ebering_ghost_xom, serial_bayou_shore_b,
          grunt_megastairs_4
Snake:4:  snake_pit_salamanders_mu, layout_cave_town
Orc:1:    layout_caves, serial_shops, shop
Orc:2:    st_orc_rangers, layout_diamond_mine
Elf:1:    eino_elf_arrival_shootout, layout_geoelf_octagon, serial_shops,
          nicolae_shop_trees, minmay_elf_demonology, due_unseen_surprise
Elf:2:    layout_geoelf_grid, serial_shops, shop, billiards_dpeg, uniq_azrael
Vaults:1: vaults_room_octagon, ontoclasm_vaults_spin, v_rooms_4,
          ontoclasm_vaults_gateway, grunt_vaults_swirl, vaults_room_corners,
          layout_vaults_omnigrid, serial_shops, shop, nicolae_shop_stone,
          nicolae_shop_stone
Vaults:2: v_misc_32, vaults_room_corners, v_misc_33, nicolae_vaults_little_ls,
          grunt_vaults_focal, nicolae_vaults_quartermaster, v_misc_30,
          layout_vaults_omnicross
Vaults:3: minmay_crypt_entry_nasty_monster, vaults_mumra_minichess_inversion,
          serial_ice_m, nicolae_vaults_theta, v_misc_23, vaults_room_fours,
          hangedman_vaults_nails, st_more_cells, vaults_room_stairs_pillars,
          v_misc_10, v_misc_15, layout_vaults_big_room
Vaults:4: nicolae_vaults_big_ls, v_rooms_6, v_misc_1, v_misc_30,
          grunt_vaults_bifocal, nicolae_vaults_disjoint_gnomons,
          nicolae_vaults_lopsided_apartments, ontoclasm_vaults_hangar,
          serial_ice_g, hangedman_vaults_nails, ontoclasm_vaults_twist,
          vaults_room_hallway, ontoclasm_vaults_ring_small,
          layout_vaults_omnibox, serial_shops, nicolae_shop_trees,
          uniq_frederick
Depths:1: layout_long_grid, enter_ziggurat_b, abyss_entry, hell_entry,
          nrook_mini_backslash, st_stairs_8, minivault_16, drop_trap,
          minmay_misc_feat_ornament, minivault_22, guppyfry_shop_blood,
          uniq_sojobo
Depths:2: gammafunk_jiyva_shrine, layout_basic, old_standard_altar,
          hangedman_coc_ice_floe, minmay_fractal_squares_diagonal_5,
          minmay_shop_grove, minmay_staircase_windowed_large
Depths:3: minmay_connected_boxes_in_corner, layout_cave_pools,
          grunt_decor_one_mirror, hell_entry, hangedman_abyss_entry_splay,
          rand_demon_pan_entry_3, mu_enter_wizlab_5, roderic_lattice_a,
          uniq_aizul
Depths:4: grunt_runaround [grunt_runaround_doors_1, grunt_runaround_doors_2,
          grunt_runaround_doors_3, grunt_runaround_doors_4,
          grunt_runaround_loot], hell_entry, abyss_entry

Skill      XL: |  1  2  3  4  5  6  7  8  9 10 11 12 13 14 15 16 17 18 19 20 21 22 23 24 |
---------------+-------------------------------------------------------------------------+-----
Earth Magic    | 4 5 6 7 8 9 10 11 12 13 15 16 17 18 19 20 21 | 21.7
Spellcasting   | 3 4 5 6 7 8 9 10 11 | 11.0
Conjurations   | 1 2 3 4 5 6 7 8 9 10 11 12 13 14 15 16 17 18 19 | 19.9
Fighting       | 1 2 4 5 6 8 9 10 11 12 14 15 16 17 18 19 | 19.7
Dodging        | 2 3 4 5 6 7 8 9 |  9.0
Evocations     | 2 3 4 5 6 7 8 9 10 | 10.0
Maces & Flails | 1 3 4 5 6 7 8 9 10 | 10.4
Fire Magic     | 1 3 4 5 7 8 9 11 12 13 14 15 16 17 | 17.9
Shields        | 3 4 |  4.1
Armour         | 2 6 8 |  8.0
Stealth        | |  2.1
Transmutations | |  0.7

Action                   |  1- 3 |  4- 6 |  7- 9 | 10-12 | 13-15 | 16-18 | 19-21 | 22-24 | 25-27 || total
-------------------------+-------+-------+-------+-------+-------+-------+-------+-------+-------++-------
Melee: Dagger            |   158 |   336 |   120 |       |       |       |       |       |       ||   614
       Whip              |       |       |   233 |    96 |       |       |       |       |       ||   329
       Morningstar       |       |       |       |    53 |    14 |       |       |       |       ||    67
       Staff             |       |       |       |       |   131 |    87 |     8 |       |       ||   226
       Flail             |       |       |       |       |       |       |   228 |    88 |     5 ||   321
 Fire: Longbow           |       |       |       |   217 |   349 |       |       |       |       ||   566
Throw: Stone             |       |     1 |       |     1 |    14 |     6 |       |     2 |       ||    24
       Dart              |       |     3 |       |     4 |       |       |       |       |       ||     7
       Throwing net      |       |       |       |       |       |       |     2 |     5 |       ||     7
 Cast: Sandblast         |       |    29 |    25 |       |     2 |     5 |     2 |     1 |       ||    64
       Stone Arrow       |       |     1 |    51 |    74 |    32 |     4 |     1 |       |       ||   163
       Conjure Flame     |       |       |     5 |     2 |     3 |     1 |       |       |       ||    11
       Lee's Rapid Decon |       |       |     1 |    10 |    50 |   196 |   354 |   195 |    22 ||   828
       Bolt of Magma     |       |       |       |    63 |   146 |    51 |    18 |    31 |     7 ||   316
       Iron Shot         |       |       |       |       |   163 |   315 |   262 |   226 |    32 ||   998
       Lehudib's Crystal |       |       |       |       |       |     8 |    62 |    87 |    19 ||   176
       Borgnjor's Vile C |       |       |       |       |       |       |       |     3 |     2 ||     5
       Passwall          |       |       |       |       |       |       |       |     2 |       ||     2
       Shatter           |       |       |       |       |       |       |       |       |     6 ||     6
 Abil: Fly               |       |       |       |       |     2 |     2 |       |       |       ||     4
       Stop Flying       |       |       |       |       |     1 |     2 |       |     1 |       ||     4
Evoke: Wand              |       |       |       |     2 |     2 |     5 |     2 |     1 |       ||    12
       Phial of floods   |       |       |       |       |       |     1 |     1 |       |       ||     2
  Use: Scroll            |       |       |    10 |     8 |    15 |     9 |    16 |     7 |     4 ||    69
       Potion            |       |       |       |       |    12 |     5 |    11 |     8 |     2 ||    38
 Stab: Sleeping          |     3 |     7 |     1 |       |       |     1 |       |       |       ||    12
       Held in net/web   |       |       |       |       |       |       |       |     1 |       ||     1
Armor: Robe              |    68 |   195 |   126 |   131 |   197 |   102 |    53 |    12 |    18 ||   902
       Leather armour    |       |       |       |       |       |    27 |   135 |   126 |       ||   288
       Fire dragon scale |       |       |       |       |       |       |       |    15 |     7 ||    22
Dodge: Dodged            |   106 |   294 |   189 |   188 |   289 |   152 |   214 |   143 |    27 ||  1602
Block: Other             |       |       |       |    14 |    47 |       |       |       |       ||    61
       Buckler           |       |       |       |       |   173 |   103 |   187 |   150 |    26 ||   639
       Reflection        |       |       |       |       |    80 |    29 |    30 |    33 |     7 ||   179

Table legend: (Time is in decaauts)
 A = Elapsed time spent in this place.
 B = Non-inter-level travel time spent in this place.
 C = Inter-level travel time spent in this place.
 D = Time resting spent in this place.
 E = Time spent auto-exploring this place.
 F = Levels seen in this place.
 G = Mean time per level.
                   A        B        C        D        E       F      G
               +--------+--------+--------+--------+--------+-----+--------+
         Total |  94774 |  90660 |   4114 |  36026 |  26793 |  45 | 2106.1 |
       Dungeon |  24963 |  23484 |   1479 |   6572 |  10624 |  15 | 1664.2 |
          Lair |  11851 |  10719 |   1132 |   2062 |   4712 |   6 | 1975.2 |
        Shoals |   9902 |   9610 |    292 |   4221 |   1858 |   4 | 2475.5 |
     Snake Pit |  11597 |  11185 |    412 |   6030 |   2285 |   4 | 2899.2 |
  Orcish Mines |   2705 |   2595 |    110 |    762 |   1115 |   2 | 1352.5 |
   Elven Halls |   5555 |   5457 |     98 |   2321 |   1336 |   2 | 2777.5 |
        Vaults |  14854 |  14364 |    490 |   7264 |   2731 |   4 | 3713.5 |
        Depths |   8612 |   8514 |     98 |   4419 |   1813 |   4 | 2153.0 |
         Abyss |    504 |    504 |      0 |     42 |     19 |   1 |  504.0 |
        Bailey |      4 |      4 |      0 |      0 |      0 |   1 |    4.0 |
      Ice Cave |   1797 |   1797 |      0 |    675 |     85 |   1 | 1797.0 |
        Wizlab |   2424 |   2424 |      0 |   1653 |    213 |   1 | 2424.0 |
               +--------+--------+--------+--------+--------+-----+--------+

Top non-repeatable levels by time:
 Snake:4: 5338 daAuts
Vaults:4: 5234 daAuts
    D:15: 3777 daAuts
  Lair:6: 3683 daAuts
Vaults:2: 3516 daAuts
Vaults:1: 3297 daAuts
Depths:3: 3238 daAuts
   Elf:2: 3109 daAuts
Vaults:3: 2806 daAuts
Shoals:3: 2729 daAuts
Shoals:4: 2660 daAuts
Shoals:2: 2544 daAuts
     D:5: 2450 daAuts
   Elf:1: 2446 daAuts
  WizLab: 2424 daAuts
